[Event "*** Titled Tuesday Blitz"]
[Site "Chess.com"]
[Date "2021.04.20"]
[Round "11"]
[White "UnknownxArmy"]
[Black "Loy_Konstantin"]
[Result "1/2-1/2"]
[WhiteElo "2455"]
[BlackElo "2386"]
[TimeControl "180+1"]
[EndTime "12:06:47 PDT"]
[Termination "Game drawn - insufficient material"]

1. d4 Nf6 2. c4 c5 3. d5 b5 4.
cxb5 a6 5. bxa6 Bxa6 6. Nc3 g6 7. g3 d6 8. Bg2 Bg7 9. Nf3 Nbd7 10. O-O Qa5 11. Bd2 O-O 12. Rb1 Rfb8 13. b3 Qa3 14. Qc2 Bc8 15. Bc1 Qa5 16. a4 Ng4 17. Bd2 Qb6 18.
h3 Nge5 19. Rfc1 Nxf3+ 20. Bxf3 Ne5 21. Bg2 Bf5 22. e4 Bc8 23. Kh2 Ba6 24. Bf1 Bxf1 25.
Rxf1 Nf3+ 26. Kg2 Nxd2 27. Qxd2 Qb4 28. Rfc1 Bxc3 29. Qxc3 Qxe4+ 30. Qf3 Rb4 31. Qxe4 Rxe4 32. Re1 Rxe1 33. Rxe1 Kf8 34. Re3 Ke8 35. f3 Kd7 36.
Rd3 e6 37. dxe6+ fxe6 38. Kf2 d5 39. Ke3 Kd6 40. Kf4 h6 41. h4 c4 42. bxc4 Rxa4 43.
Ke3 Rxc4 44. Ra3 Ke5 45. Ra8 Rc3+ 46. Kf2 Rc2+ 47. Ke3 d4+ 48. Kd3 Rc3+ 49. Ke2 Re3+ 50. Kf2 Rc3 51. Ke2 Rc2+ 52. Kd3 Rg2 53. Ra4 Rxg3 54.
Ra5+ Kf6 55. Ke4 Rh3 56. Kxd4 Rxh4+ 57. Ke3 Rh1 58. Ra8 Re1+ 59. Kf4 g5+ 60. Kg4 Rg1+ 61. Kh5 Rh1+ 62. Kg4 h5+ 63. Kg3 h4+ 64. Kg2 Rb1 65.
Rf8+ Ke5 66. Rg8 Rb2+ 67. Kh3 Kf4 68. Rf8+ Ke3 69. Rf6 e5 70. Rf5 Kd4 71. Rxg5 Rf2 72. Rf5 Rf1 73. Kxh4 Rh1+ 74. Kg5 Rg1+ 75. Kf6 Re1 76.
Kg5 Rg1+ 77. Kh4 Re1 78. Kg3 e4 79. Rf4 Re3 80. Kf2 Rxf3+ 81. Rxf3 exf3 82. Kxf3 1/2-1/2

[Event "*** Titled Tuesday Blitz"]
[Site "Chess.com"]
[Date "2021.04.20"]
[Round "11"]
[White "dpopadic"]
[Black "HanSchut"]
[Result "0-1"]
[WhiteElo "2360"]
[BlackElo "2284"]
[TimeControl "180+1"]
[EndTime "12:06:48 PDT"]
[Termination "HanSchut won on time"]

1. e4 c5 2. Nc3 Nc6 3. f4 g6 4.
Nf3 Bg7 5. Bc4 e6 6. f5 Nge7 7. fxe6 fxe6 8. d3 O-O 9. O-O d5 10. Bb3 b5 11. Nxb5 c4 12. dxc4 dxe4 13. Ng5 a6 14.
Nc3 Bxc3 15. bxc3 Nf5 16. Nxe4 Qb6+ 17. Kh1 Ne5 18. c5 Qc6 19. Qe2 Bb7 20. Nd6 Nxd6 21.
cxd6 Rxf1+ 22. Qxf1 Qxd6 23. Qe2 Rf8 24. Bh6 Rf6 25. Rd1 Qc6 26. Rd8+ Kf7 27. Rf8+ Ke7 28. Rxf6 Kxf6 29. Qf2+ Ke7 30. h3 Nf7 31. Be3 Nd6 32. Bc5 Kd7 33. Be3 Nf5 34. Bf4 Qxc3 35. Qd2+ Qxd2 36. Bxd2 e5 37. Kg1 e4 38. Kf2 e3+ 39. Bxe3 Nxe3 40. Kxe3 Bxg2 41. h4 Bc6 42. Kf4 Ke7 43. c3 h6 44. a3 Bd7 45. Bc4 a5 46. Bd3 Kf6 47. Be4 g5+ 48. hxg5+ hxg5+ 49. Ke3 Ke5 50. Bg2 Be6 51. Bf3 Bd5 52. Bg4 Be4 53. c4 Bc2 54.
Bf3 Bb3 55. c5 Bd5 56. Be2 Bc6 0-1

[Event "*** Titled Tuesday Blitz"]
[Site "Chess.com"]
[Date "2021.04.20"]
[Round "11"]
[White "BL4D3RUNN3R"]
[Black "BashirliSaadat"]
[Result "0-1"]
[WhiteElo "2105"]
[BlackElo "2188"]
[TimeControl "180+1"]
[EndTime "12:06:50 PDT"]
[Termination "BashirliSaadat won on time"]

1. Nf3 d5 2. c4 dxc4 3. Na3 Nf6 4. Nxc4 e6 5. g3 Bc5 6. Bg2 O-O 7. O-O Nc6 8. b3 Bd7 9. Bb2 a6 10. Rc1 Be7 11.
Nfe5 Nxe5 12. Nxe5 c6 13. d3 Nd5 14. e4 Nf6 15.
Qe2 Bd6 16. Nc4 Bc7 17. Rfd1 b5 18. Ne3 Bb6 19. Ng4 Nxg4 20. Qxg4 f6 21. d4 Qe7 22. Qe2 e5 23. d5 c5 24. Qh5 g6 25. Qh6 Kf7 26. Qxh7+ Ke8 27. Qxg6+ Qf7 28. Qxf7+ Kxf7 29. h4 Rac8 30. Kh2 c4 31. bxc4 bxc4 32. Kg1 Bg4 33. Rd2 Ba5 34. Rdc2 Bd7 35. Rxc4 Rb8 36. Ba3 Rg8 37.
Bf1 Bb5 38. R4c2 Ba4 39. Rc4 Bb5 40. Rc5 Bb6 41. R5c3 Ba5 42. Rf3 Bd7 43. Kg2 Bg4 44.
Rb3 Bb6 45. Bc4 Kg7 46. d6 Rgd8 47. Bxa6 Rd7 48. Bb5 Rdd8 49. d7 Kf7 50. Bd6 Rb7 51.
Bc5 Bxc5 52. Rxc5 Bxd7 53. Bxd7 Rxb3 54. axb3 Rxd7 0-1

[Event "*** Titled Tuesday Blitz"]
[Site "Chess.com"]
[Date "2021.04.20"]
[Round "11"]
[White "AldokhinIvan"]
[Black "OlegKrivonosov"]
[Result "1/2-1/2"]
[WhiteElo "2545"]
[BlackElo "2638"]
[TimeControl "180+1"]
[EndTime "12:06:51 PDT"]
[Termination "Game drawn by agreement"]

1. e4 e5 2. Nf3 Nc6 3. Bb5 Nf6 4. O-O Nxe4 5. Re1 Nd6 6. Bxc6 dxc6 7. Nxe5 Be7 8. b3 O-O 9. Bb2 Re8 10. d3 Bf8 11.
Nd2 f6 12. Nec4 Be6 13. Qf3 Bf7 14. Ne3 Qd7 15. Ne4 Nxe4 16. dxe4 Qe6 17. Nf5 Bg6 18. g4 Rad8 19. Re3 Bxf5 20. gxf5 Qf7 21. Kh1 Rd2 22.
Re2 Red8 23. Rg1 Rd1 24. Rxd1 Rxd1+ 25. Kg2 Rd8 26. Qg3 Bd6 27. f4 Qh5 28. Qf3 Qxf3+ 29. Kxf3 Be7 30. e5 Kf7 31. Ke4 Rd1 32. a4 a6 33. Bc3 b5 34. Rd2 Rxd2 35. Bxd2 Bc5 36. c4 Bg1 37. h3 Bc5 38. Ba5 bxa4 39. bxa4 Bb6 40. Bb4 Bf2 41. Ba3 Bb6 42. c5 Ba5 43. Kd4 Bd2 44. Ke4 Ke8 45. Bb2 Kf7 46. Bd4 Ke7 47. Bf2 Kf7 48. Be3 Bb4 49. Kd3 Be1 50.
Kc4 Ke7 51. Bd4 Bg3 52. exf6+ gxf6 53. Be3 Be1 54. Kd3 Bb4 55. Kd4 Kf7 56. Ke4 Ba5 57. Kf3 Bb4 58. Ke4 1/2-1/2

[Event "*** Titled Tuesday Blitz"]
[Site "Chess.com"]
[Date "2021.04.20"]
[Round "11"]
[White "muchojogo"]
[Black "1977Ivan"]
[Result "0-1"]
[WhiteElo "2457"]
[BlackElo "2694"]
[TimeControl "180+1"]
[EndTime "12:06:52 PDT"]
[Termination "1977Ivan won by resignation"]

1. d4 Nf6 2. Bf4 d6 3. e3 Nbd7 4. Nf3 Nh5 5. Bg5 h6 6. Bh4 g5 7.
Bg3 Bg7 8. Be2 c5 9. c3 a6 10. a4 b6 11. Nbd2 Bb7 12. Qb3 Nxg3 13. hxg3 cxd4 14. exd4 Nf6 15. Nc4 Nd5 16. Na5 bxa5 17. Qxb7 e6 18. Qc6+ Ke7 19. O-O Qb6 20. Qxb6 Nxb6 21.
b3 Rhc8 22. Rfc1 Nd5 23. Bc4 Nb6 24. Bd3 Rc7 25. Rc2 g4 26. Nd2 h5 27. Re1 Rb8 28.
Bxa6 Bxd4 29. Rec1 Bg7 30. Bb5 Rbc8 31. c4 Nd7 32.
Ne4 f5 33. Nd2 Nc5 34. Rb1 Bh6 35. Nf1 Ne4 36. f3 Nf6 37. Kf2 d5 38. Rd1 e5 39.
Re2 Kd6 40. cxd5 Rc2 41. Bc4 Rxe2+ 42. Kxe2 e4 43. f4 Ne8 44. Ne3 Ng7 45. Nc2 h4 46. Rh1 Nh5 47. Rxh4 Nxg3+ 48. Ke3 Bg7 49. Rh7 Bb2 50. Kf2 e3+ 51. Kxg3 Re8 52. Be2 Bc3 53. Rh6+ Kd7 54. Rh7+ Kd6 55. Ra7 Kxd5 56. Ra6 Ke4 57.
Ne1 Bxe1+ 58. Kh2 Rh8+ 59. Kg1 Bf2+ 0-1

[Event "*** Titled Tuesday Blitz"]
[Site "Chess.com"]
[Date "2021.04.20"]
[Round "11"]
[White "viktorgen2021"]
[Black "artichaud"]
[Result "1-0"]
[WhiteElo "2372"]
[BlackElo "2229"]
[TimeControl "180+1"]
[EndTime "12:06:53 PDT"]
[Termination "viktorgen2021 won on time"]

1. d4 d6 2. Nf3 Nd7 3. g3 e5 4.
Bg2 Ngf6 5. O-O Be7 6. Nc3 c6 7. e4 O-O 8. a4 Re8 9. h3 Qc7 10. Re1 h6 11. Be3 Nh7 12. Qd2 a5 13. Rad1 Qd8 14.
Qe2 Ng5 15. dxe5 Nxf3+ 16. Bxf3 dxe5 17. Bg2 Bg5 18. f4 exf4 19. gxf4 Bh4 20. Rf1 Qc7 21.
Qc4 Nf6 22. e5 Nh5 23. Nb5 Qe7 24. Nd6 Rf8 25. Nxc8 Raxc8 26. Bc5 Qe6 27. Qxe6 fxe6 28. Bxf8 Rxf8 29. f5 Ng3 30. Rf4 Ne2+ 31. Kh2 Nxf4 32. fxe6 Nxe6 33. Rd6 Re8 34. Rd7 Re7 35. Rd3 Bg5 36. Kg1 Bf4 37. Be4 Bxe5 38. Bg6 Kf8 39. c3 Bc7 40. Bf5 Nf4 41. Rd2 g6 42. Bg4 h5 43.
Bf3 Re3 44. Kf2 Bb6 45. Kg3 Nd3 46. Kg2 Ne1+ 47. Kg3 Rxf3+ 48. Kh4 Rf5 49. Re2 Nf3+ 50.
Kg3 Bc7+ 51. Kg2 Nh4+ 52. Kg1 Rf7 53. Re6 Kg7 54. b4 Nf5 55. b5 cxb5 56. axb5 1-0

[Event "*** Titled Tuesday Blitz"]
[Site "Chess.com"]
[Date "2021.04.20"]
[Round "11"]
[White "JelenaKarleusa-SO-18"]
[Black "MMSANCHEZ"]
[Result "1-0"]
[WhiteElo "2677"]
[BlackElo "2549"]
[TimeControl "180+1"]
[EndTime "12:06:54 PDT"]
[Termination "JelenaKarleusa-SO-18 won on time"]

1. e4 e6 2. d4 d5 3. Nd2 c5 4. Ngf3 cxd4 5. exd5 Qxd5 6. Bc4 Qd7 7. O-O Nc6 8. Re1 Nf6 9. Nb3 a6 10. Nbxd4 Nxd4 11. Nxd4 Qc7 12. Bf1 Be7 13. Qf3 O-O 14. c4 Bd7 15. h3 Rfe8 16. Bf4 Qb6 17. Be5 Rad8 18. Rad1 Bc8 19. a3 Nd7 20. Bg3 Bf6 21. Nb3 Nc5 22.
Nxc5 Qxc5 23. b4 Qe7 24. c5 e5 25. Bc4 g6 26. Rxd8 Rxd8 27. Qe3 Re8 28. Bd5 Kg7 29.
a4 Bf5 30. a5 h5 31. Be4 Bc8 32.
Rd1 Rd8 33. Rd5 Rxd5 34. Bxd5 Qd8 35. Qe4 Qe7 36. f3 Bf5 37. Qc4 Qd7 38. Bf2 Qe7 39. g4 hxg4 40. hxg4 Bc8 41. Qe4 Bg5 42. Bg3 Bf6 43.
g5 Bxg5 44. Qxe5+ Qxe5 45. Bxe5+ Bf6 46. Bd6 Bc3 47. c6 bxc6 48. Bxc6 Kf6 49. Kf2 Ke6 50. Bc5 Be5 51. Ke3 Bd6 52. Kd4 Be5+ 53. Kc4 f5 54. b5 axb5+ 55. Kxb5 g5 56. Kb6 Bb8 57. Bb7 Bd7 58.
a6 f4 59. Be4 Bc8 60. Bb7 Bd7 61. Bf2 Kf5 62. Be4+ Ke6 63. Kb7 Bd6 64. a7 g4 65.
fxg4 1-0

[Event "*** Titled Tuesday Blitz"]
[Site "Chess.com"]
[Date "2021.04.20"]
[Round "11"]
[White "Kislov_Oleg"]
[Black "noblerone"]
[Result "1-0"]
[WhiteElo "2490"]
[BlackElo "2389"]
[TimeControl "180+1"]
[EndTime "12:06:58 PDT"]
[Termination "Kislov_Oleg won by resignation"]

1. d4 d5 2. Nc3 Nf6 3. Bg5 Ne4 4. Nxe4 dxe4 5. f3 Bf5 6. Qd2 c6 7. fxe4 Bxe4 8. Nf3 Qb6 9. O-O-O Nd7 10. e3 h6 11. Bf4 g5 12. Bg3 Bg7 13. Bd3 Nf6 14.
Be5 Bxd3 15. Qxd3 Qa5 16. Kb1 Rd8 17. h4 g4 18. Nd2 Nh5 19. Nc4 Qd5 20. e4 Qd7 21.
Bxg7 Nxg7 22. Ne5 Qe6 23. Rhf1 O-O 24. Qg3 h5 25. c3 f5 26. exf5 Rxf5 27. Rxf5 Qxf5+ 28. Qd3 Qxd3+ 29. Nxd3 Nf5 30. Re1 Nxh4 31. Nf4 Rf8 32.
g3 Nf5 33. Nxh5 Kh7 34. Rh1 Kg6 35. Nf4+ Kf7 36. Ne2 Kg7 37. Kc2 Rh8 38. Rxh8 Kxh8 39. Kd3 Kg7 40. Ke4 Kf6 41. Kf4 Nh6 42. Nc1 b6 43.
Nd3 Nf7 44. Kxg4 Nd6 45. Kf4 Nc4 46. g4 a5 47. g5+ Kg7 48. Kf5 b5 49. Ke6 Kg6 50.
Kxe7 Kxg5 51. Kd7 Kf5 52. Kxc6 b4 53. Kb5 Nxb2 54. Nxb2 bxc3 55. Nd1 Ke4 56. Nxc3+ Kxd4 57. Nb1 a4 58. Kxa4 Kc4 59. Ka5 Kc5 60. a4 Kc6 61. Kb4 Kb6 62. a5+ Ka6 63. Nc3 Kb7 64. Kb5 Ka7 65. a6 Kb8 66. Kb6 Ka8 67. Nb5 Kb8 68. a7+ Kc8 69. a8=Q+ Kd7 1-0

[Event "*** Titled Tuesday Blitz"]
[Site "Chess.com"]
[Date "2021.04.20"]
[Round "11"]
[White "cukin84"]
[Black "zurzan"]
[Result "1-0"]
[WhiteElo "2124"]
[BlackElo "2001"]
[TimeControl "180+1"]
[EndTime "12:06:59 PDT"]
[Termination "cukin84 won on time"]

1. e4 Nf6 2. e5 Nd5 3. d4 d6 4. c4 Nb6 5. exd6 cxd6 6. Nc3 g6 7.
Nf3 Bg7 8. Be2 O-O 9. O-O Nc6 10. Be3 Bg4 11. b3 Rc8 12. Rc1 Qe8 13. h3 Bxf3 14. Bxf3 e5 15. d5 Nd4 16. Bxd4 exd4 17. Nb5 Qd8 18. a4 a6 19. Nxd4 Nd7 20. Bg4 f5 21. Ne6 Qe7 22. Nxf8 Rxf8 23. Re1 Qg5 24. Bf3 Ne5 25. c5 dxc5 26. Rxc5 Rd8 27. Rc7 Nxf3+ 28. Qxf3 Qd2 29. Ree7 Bf6 30. Red7 Qe1+ 31. Kh2 Be5+ 32. g3 Bxc7 33. Rxc7 b5 34. axb5 axb5 35. d6 Qe4 36. Qxe4 fxe4 37. d7 Kg7 38. Rb7 Kf6 39. Kg2 e3 40.
fxe3 Ke6 41. Kf3 b4 42. Ke4 Kd6 43. Kd4 Kc6 44. Ra7 Kb6 45. Ra4 Rxd7+ 46. Kc4 Re7 47. Rxb4+ Kc6 48. Kd4 Rd7+ 49. Ke4 Kc5 50. Rc4+ Kb5 51.
Rd4 Re7+ 52. Kf4 Kc5 53. b4+ Kb5 54. h4 h6 55. Rd6 Rf7+ 56. Kg4 Rg7 57. Rd4 Rf7 58.
Rf4 Re7 59. Rf6 Rg7 60. Rf4 Re7 61. e4 Kxb4 62. e5+ Kc5 63. h5 gxh5+ 64. Kxh5 Rxe5+ 65. Kxh6 Kd6 66. g4 Ke7 67. g5 Re1 68. Kg7 Rh1 69. g6 Rh2 70. Kg8 Rg2 71. g7 Rh2 72. Re4+ Kf6 73.
Kf8 Rg2 74. g8=Q Rxg8+ 75. Kxg8 1-0

[Event "*** Titled Tuesday Blitz"]
[Site "Chess.com"]
[Date "2021.04.20"]
[Round "11"]
[White "rynos0411"]
[Black "pastouche06"]
[Result "0-1"]
[WhiteElo "2440"]
[BlackElo "2565"]
[TimeControl "180+1"]
[EndTime "12:07:00 PDT"]
[Termination "pastouche06 won on time"]

1. d4 d5 2. c4 e6 3. Nf3 Nf6 4.
Nc3 a6 5. cxd5 exd5 6. Bf4 Bd6 7.
Bg3 O-O 8. e3 Re8 9. Bd3 c6 10.
O-O Bxg3 11. hxg3 Ne4 12. Qc2 f5 13. a4 Nd7 14. a5 g5 15. Rfe1 Qf6 16. Qe2 Kh8 17.
Bxe4 fxe4 18. Nh2 Qg6 19. Na4 h5 20. Rac1 Re7 21. f3 Nf6 22. Nb6 Rb8 23. Rf1 Be6 24.
f4 gxf4 25. Rxf4 Rg8 26. Rcf1 Ne8 27. Rh4 Rh7 28. Rff4 Nd6 29. Nf1 Nf5 30. Rh2 Nxg3 31. Nxg3 Qxg3 32. Rxh5 Bg4 33. Rxh7+ Kxh7 34. Qf2 Qxf2+ 35.
Kxf2 Be6 36. Rh4+ Kg6 37. Na4 Rf8+ 38. Ke1 Kg5 39. Rh7 Rf7 40. Rxf7 Bxf7 41. Nc5 Bh5 42. Nxb7 Bg4 43. Nc5 Bc8 44. Kf2 Kg4 45. Na4 Kh4 46. Nb6 Bb7 47. Nd7 Bc8 48. Ne5 Bb7 49. Nf7 Bc8 50. Nd6 Bd7 51. g3+ Kg4 52. Nf7 Be8 53. Ne5+ Kf5 54. Kg2 Ke6 55. Kh3 Kf5 56. Kh4 Kf6 57. g4 c5 58. g5+ Kf5 59. g6 Bxg6 60. Nxg6 cxd4 61. exd4 e3 0-1

[Event "*** Titled Tuesday Blitz"]
[Site "Chess.com"]
[Date "2021.04.20"]
[Round "11"]
[White "adnan_nn"]
[Black "CSB7"]
[Result "1-0"]
[WhiteElo "2676"]
[BlackElo "2743"]
[TimeControl "180+1"]
[EndTime "12:07:04 PDT"]
[Termination "adnan_nn won by resignation"]

1. e4 c6 2. d4 d5 3. exd5 cxd5 4. c4 Nf6 5. Nc3 Nc6 6. Nf3 Bg4 7. cxd5 Nxd5 8. Qb3 Bxf3 9. gxf3 e6 10. Qxb7 Nxd4 11.
Bb5+ Nxb5 12. Qc6+ Ke7 13. Qxb5 Nxc3 14. bxc3 Rb8 15.
Qc5+ Ke8 16. Qxa7 Bd6 17. O-O Qh4 18. f4 Qg4+ 19. Kh1 Qf3+ 20. Kg1 Qg4+ 21. Kh1 Qf3+ 22. Kg1 h5 23. Qe3 Qc6 24. f5 Rb5 25. Qd4 Rxf5 26. Qxg7 Be5 27. Qg2 Qxg2+ 28. Kxg2 Bxc3 29. Rb1 Ke7 30. Rd1 Rg8+ 31. Kf1 Rg4 32. Rb3 Be5 33. h3 Ra4 34. a3 Kf6 35. Rd2 Kg6 36. Bb2 Bxb2 37. Rdxb2 Rfa5 38. Ra2 f5 39. Kg2 Kg5 40. Re2 Kf6 41. Rb6 Re5 42. Rxe5 Kxe5 43. Rb3 Kd5 44. Kf3 e5 45. Kg3 Kc4 46. Rb4+ Rxb4 47. axb4 Kxb4 48. Kh4 Kc4 49. Kxh5 f4 50. Kg4 Kd3 51. Kf3 Kd4 52. h4 Kd5 53. h5 Ke6 54. Ke4 Kf6 55. f3 Kg5 56. Kxe5 Kxh5 57. Kxf4 Kg6 58. Ke5 Kf7 59. Kf5 Kg7 60. Ke6 Kg6 61. f4 Kg7 62. f5 Kg8 63. Ke7 1-0

[Event "*** Titled Tuesday Blitz"]
[Site "Chess.com"]
[Date "2021.04.20"]
[Round "11"]
[White "Nuvas"]
[Black "davidkalashian"]
[Result "1/2-1/2"]
[WhiteElo "2640"]
[BlackElo "2549"]
[TimeControl "180+1"]
[EndTime "12:07:05 PDT"]
[Termination "Game drawn - insufficient material"]

1. d4 Nf6 2. c4 e6 3. Nc3 Bb4 4.
Qc2 c5 5. dxc5 O-O 6. Nf3 Na6 7. g3 Nxc5 8. Bg2 Nce4 9. O-O Nxc3 10. bxc3 Be7 11.
e4 d6 12. e5 dxe5 13. Nxe5 Qa5 14. Re1 Rd8 15. Bf4 Nd7 16. Nxd7 Rxd7 17. Rad1 h6 18. Rxd7 Bxd7 19. Bxb7 Ba4 20. Qe4 Rd8 21. Be5 Bf8 22. Bd4 Qc7 23. Ba6 Bc6 24. Qe5 Qe7 25. Bb5 Ba8 26.
c5 Rd5 27. Qf4 Qb7 28. Be8 Rf5 29. c6 Qc8 30. Bd7 Qa6 31. Qe4 Qxa2 32. Qb1 Qd5 33. Qe4 Qa2 34. h4 Bd6 35. c7 Bxe4 36. c8=Q+ Kh7 37.
Bxe6 fxe6 38. Qd7 Be5 39. Bxe5 Rxe5 40. Qd4 Qd5 41. Qxd5 exd5 42. f3 Re6 43. fxe4 dxe4 44. Kf2 Kg6 45. Ke3 Kf5 46. Rf1+ Ke5 47. Rf4 Kd5 48.
Rf7 Rc6 49. Rd7+ Ke5 50. Re7+ Kf5 51. Rxg7 Rxc3+ 52. Kd4 Rd3+ 53. Kc4 a5 54. Rf7+ Kg4 55. Rf4+ Kxg3 56. Rxe4 Rf3 57. Kb5 h5 58. Re5 Rf4 59.
Rxh5 Rxh4 60. Rxh4 Kxh4 61. Kxa5 1/2-1/2

[Event "*** Titled Tuesday Blitz"]
[Site "Chess.com"]
[Date "2021.04.20"]
[Round "11"]
[White "elextranjero00"]
[Black "davigator"]
[Result "1-0"]
[WhiteElo "2572"]
[BlackElo "2445"]
[TimeControl "180+1"]
[EndTime "12:07:05 PDT"]
[Termination "elextranjero00 won on time"]

1. c4 e5 2. Nc3 Bb4 3. Nd5 Bc5 4. b4 Bf8 5. Bb2 c6 6. Ne3 f6 7. c5 d6 8. cxd6 Bxd6 9. a3 c5 10. g3 Nc6 11. Bg2 Nge7 12. bxc5 Bxc5 13. Rc1 Bd4 14. Qb3 Qd6 15. Nc4 Qe6 16. Nf3 Bxb2 17. Qxb2 O-O 18. d3 Rd8 19. O-O Nf5 20. Rfe1 Rb8 21. Nfd2 Bd7 22. Ne4 Qe7 23. Nc3 Be6 24. Nd2 Kh8 25. Nce4 Nfd4 26. Nc5 Bd5 27. Bxd5 Rxd5 28. Nce4 Rdd8 29.
Nc4 h6 30. Ne3 Kh7 31. Rc4 Rbc8 32. Rec1 Qf7 33. f3 b6 34. Kf2 Ne7 35. Rxc8 Nxc8 36. Nd2 Nd6 37. h4 f5 38. Nec4 Qd5 39. Nxd6 Qxd6 40.
Nc4 Qd5 41. Qd2 e4 42. f4 Re8 43. e3 Nf3 44. Qe2 Qd8 45. d4 Nxh4 46. Ne5 Nf3 47. Rh1 Nxe5 48. fxe5 Qd5 49. Qh5 Re6 50. Qxf5+ Rg6 51. Kg2 Qa2+ 52. Kh3 Qe2 53. Rf1 h5 54. e6 Qg4+ 55. Qxg4 hxg4+ 56. Kh4 Rxe6 57. Kxg4 Rd6 58. Rf4 Re6 59. Kf5 Re7 60. Rxe4 Rf7+ 61. Ke6 Rf3 62. g4 Rf2 63. d5 1-0

[Event "*** Titled Tuesday Blitz"]
[Site "Chess.com"]
[Date "2021.04.20"]
[Round "11"]
[White "azikom"]
[Black "Vesper2018"]
[Result "1-0"]
[WhiteElo "2644"]
[BlackElo "2535"]
[TimeControl "180+1"]
[EndTime "12:07:06 PDT"]
[Termination "azikom won on time"]

1. d4 Nf6 2. Nf3 g6 3. g3 Bg7 4. Bg2 O-O 5. O-O d6 6. b3 c6 7.
Bb2 Nbd7 8. Nbd2 Qc7 9. a4 a5 10. e4 e5 11. dxe5 dxe5 12. Re1 Rd8 13. Qe2 b6 14.
Nc4 Ba6 15. Rad1 Re8 16. Bf1 Bf8 17. Qd2 Bb4 18. Bc3 Bxc3 19. Qxc3 Nc5 20. Nd6 Re6 21. Bxa6 Rxa6 22. Qd2 Ra8 23. Ng5 Re7 24. Nc4 b5 25. axb5 cxb5 26. Ne3 Ncxe4 27. Nxe4 Nxe4 28. Qd5 Qb7 29. Qxb7 Rxb7 30. Nd5 Ng5 31. Kg2 Rc8 32. Rxe5 Ne6 33.
c3 a4 34. bxa4 bxa4 35. Ra1 Ra7 36. Nf6+ Kg7 37. Ne4 a3 38. Ra2 Rb8 39. Rd5 Rb2 40. Rxb2 axb2 41. Rb5 Ra2 42. Nd6 Nc7 43. Rb7 Nd5 44.
Nc4 Nxc3 45. Nxb2 Ne4 46. Rb4 f5 47. Nd3 Rd2 48. Rb3 Kf6 49. Ra3 h5 50. h4 Re2 51.
Kf3 Rd2 52. Ke3 Rd1 53. Ra6+ Kg7 54. Nf4 Nf6 55. Ra7+ Kh6 56. Ra6 1-0

[Event "*** Titled Tuesday Blitz"]
[Site "Chess.com"]
[Date "2021.04.20"]
[Round "11"]
[White "KuzubovYuriy"]
[Black "Kobalia"]
[Result "0-1"]
[WhiteElo "2864"]
[BlackElo "2795"]
[TimeControl "180+1"]
[EndTime "12:07:08 PDT"]
[Termination "Kobalia won on time"]

1. d4 d5 2. c4 c6 3. Nf3 Nf6 4. Nc3 e6 5. e3 Nbd7 6. Be2 Bd6 7.
b3 O-O 8. Bb2 b6 9. O-O Bb7 10.
Qc2 Qe7 11. Rad1 Rad8 12. Rfe1 Rfe8 13. e4 dxe4 14. Nxe4 Nxe4 15. Qxe4 Bb4 16. Rf1 Nf6 17. Qh4 Ba3 18. Ba1 c5 19. Ne5 cxd4 20. Rxd4 Rxd4 21.
Bxd4 Rd8 22. Rd1 Ne4 23. Qxe7 Bxe7 24. Bb2 Rxd1+ 25. Bxd1 f6 26. Nd3 e5 27. f3 Nc5 28.
Nf2 Kf7 29. Bc2 g6 30. b4 Ne6 31. Bc3 Nd4 32. Bxd4 exd4 33. Nd3 a5 34. bxa5 bxa5 35.
Ba4 Bc8 36. Kf2 h5 37. Bc6 Bd6 38. h3 h4 39. Bd5+ Ke7 40. Ke2 g5 41. Ne1 Be5 42.
Kd3 Kd6 43. Ke4 f5+ 44. Kd3 Bd7 45. Ke2 Bg3 46. Nd3 Bf4 47. Bg8 Bc8 48. Bf7 Be3 49.
Kd1 g4 50. fxg4 fxg4 51. hxg4 Bxg4+ 52. Kc2 Bf5 53. Bd5 Bg6 54. Bf3 a4 55. Bd5 Bf5 56. Bf3 a3 57. c5+ Kc7 58. Bd5 Bg6 59. Bf3 Kb8 60.
Bd5 Ka7 61. c6 Kb6 62. Bf3 Bf5 0-1

[Event "*** Titled Tuesday Blitz"]
[Site "Chess.com"]
[Date "2021.04.20"]
[Round "11"]
[White "Aygehovit1992"]
[Black "bsnsun"]
[Result "1-0"]
[WhiteElo "2653"]
[BlackElo "2448"]
[TimeControl "180+1"]
[EndTime "12:07:09 PDT"]
[Termination "Aygehovit1992 won by resignation"]

1. Nf3 d5 2. g3 c6 3. Bg2 Bg4 4. O-O e6 5. d4 Nf6 6. h3 Bf5 7.
Nc3 Nbd7 8. Nh4 Bg6 9. Nxg6 hxg6 10. Qd3 Be7 11. g4 Bd6 12. f4 Qc7 13. Bd2 c5 14. Nb5 Qb8 15. Nxd6+ Qxd6 16. c3 Nb6 17. Qb5+ Nfd7 18. dxc5 Qxc5+ 19. Qxc5 Nxc5 20. Be3 Nca4 21. b3 Nxc3 22. Rae1 Kd7 23. Bd4 Nxa2 24. Bxg7 Rhg8 25. Bf6 Rac8 26. e4 Nb4 27. f5 gxf5 28. exf5 Rc2 29.
fxe6+ fxe6 30. Re3 Nc8 31. Bc3 Nc6 32. Rf7+ N8e7 33.
Bf6 Kd6 34. Bh4 Rc1+ 35. Kh2 Ng6 36. Bg3+ e5 37. Rf6+ Ke7 38. g5 e4 39. Rd6 Nge5 40. Rxd5 Rxg5 41. Rxe4 Ke6 42. Rh4 Rc2 43. Rh6+ Kf7 44. Rh7+ Kg8 45. h4 Nf3+ 46. Kh3 Ng1+ 47. Kh2 Nf3+ 48. Kh3 Rg6 49. Bxf3 Kxh7 50. Be4 Rc3 51.
Rd7+ Kh6 52. Bxg6 Kxg6 53. Rxb7 Nd4 54. Kg4 Rxb3 55. h5+ Kf6 56. Bh4+ Ke6 57. Rxa7 Nf5 58. Ra6+ Nd6 59. Bg3 Rb4+ 60. Kh3 Rd4 61. h6 Kf5 62.
Rxd6 Ra4 63. Rb6 1-0

[Event "*** Titled Tuesday Blitz"]
[Site "Chess.com"]
[Date "2021.04.20"]
[Round "11"]
[White "Fh2411"]
[Black "SmoothAsAHedgehog"]
[Result "1-0"]
[WhiteElo "2575"]
[BlackElo "2660"]
[TimeControl "180+1"]
[EndTime "12:07:11 PDT"]
[Termination "Fh2411 won by checkmate"]

1. d4 d5 2. Nf3 c6 3. Bf4 Qb6 4. Qc1 Nf6 5. e3 Bg4 6. Nbd2 Nbd7 7. Bd3 e6 8. O-O Be7 9. c4 O-O 10. c5 Qd8 11. Qc2 Bh5 12. b4 Bg6 13. a4 a6 14.
Rab1 Nh5 15. Be5 Nxe5 16. dxe5 Bxd3 17. Qxd3 g6 18. Nd4 Ng7 19. f4 Nf5 20. N2b3 Nxd4 21. exd4 f5 22. exf6 Bxf6 23. Rbe1 Qd7 24. Rf3 Bg7 25. g3 Rae8 26. Rfe3 Re7 27. Qe2 Rfe8 28. Kg2 Kf7 29. Qd3 Qc7 30. Nd2 Bf6 31. Nf3 Kg7 32. h4 h5 33. Ne5 Bxe5 34. Rxe5 Kf7 35. Qe2 Qd7 36. Rg5 Rg8 37. Qf3 Kf8 38. Ree5 Rf7 39. Qd3 Rf6 40. Qe2 Kf7 41. Qf3 a5 42. Qc3 axb4 43. Qxb4 Ra8 44. Re3 Qc7 45. Rb3 Ra7 46. Re5 Ke7 47. Ree3 Rf8 48. Qa3 Kf7 49. Rb4 Rfa8 50.
Reb3 Rb8 51. Qb2 Kf6 52. Qb1 Qd7 53. Re3 Qc7 54. Qb3 Qd7 55. Rb6 Rba8 56. Rb4 Qc8 57. Qd1 Qd7 58. Reb3 Qc7 59. Qb1 Rb8 60. Rb6 Qd7 61. a5 Rba8 62. Rxb7 Rxb7 63. Rxb7 Qd8 64. Qe1 Rxa5 65. Qe5# 1-0

[Event "*** Titled Tuesday Blitz"]
[Site "Chess.com"]
[Date "2021.04.20"]
[Round "11"]
[White "gumimis"]
[Black "Sergey85Rodchenkov"]
[Result "1-0"]
[WhiteElo "2356"]
[BlackElo "2492"]
[TimeControl "180+1"]
[EndTime "12:07:11 PDT"]
[Termination "gumimis won by resignation"]

1. e4 c5 2. Nf3 d6 3. d4 cxd4 4. Nxd4 Nf6 5. Nc3 a6 6. f3 e5 7.
Nb3 Qb6 8. Qd3 Be6 9. Be3 Qc7 10.
O-O-O Be7 11. g4 b5 12. g5 Nh5 13. Nd5 Bxd5 14. Qxd5 Nc6 15. Na5 Rc8 16. Nxc6 Qxc6 17. Qxc6+ Rxc6 18. h4 g6 19. Rh2 O-O 20. Rhd2 f6 21.
Bg2 fxg5 22. hxg5 Nf4 23. Bxf4 Rxf4 24. Kb1 Rh4 25. a3 Kf7 26. Bf1 Ke6 27. c4 bxc4 28.
Rc2 Bxg5 29. Bxc4+ Ke7 30. Be2 Rxc2 31. Kxc2 Rh2 32. Kd3 Kd7 33. b4 Bd8 34. a4 Bb6 35. Rc1 h5 36. b5 axb5 37. axb5 Bc5 38. Ra1 h4 39. Ra8 Kc7 40. Rg8 Rg2 41. Bf1 Rg3 42. Ke2 g5 43. Rf8 Bd4 44. Ke1 Kb6 45. Rb8+ Kc7 46.
Rf8 g4 47. fxg4 Rxg4 48. Bd3 Rg3 49. Ke2 Re3+ 50. Kd2 Rg3 51. Rh8 Rg2+ 52. Be2 Rh2 53. Kd3 Kb6 54. Rb8+ Ka5 55. Bg4 Rb2 56. Bd7 Rb3+ 57.
Kc4 Rc3+ 58. Kd5 Bc5 59. Rh8 Bf2 60. Kxd6 Bg3 61. Ra8+ Kb4 62. b6 Rd3+ 63. Kc7 Rc3+ 64. Bc6 h3 65. b7 Kc4 66. b8=Q Kd4 67. Qb4+ Ke3 68. Qxc3+ 1-0

[Event "*** Titled Tuesday Blitz"]
[Site "Chess.com"]
[Date "2021.04.20"]
[Round "11"]
[White "Kildepiotr"]
[Black "Sharpchess22"]
[Result "1-0"]
[WhiteElo "2660"]
[BlackElo "2775"]
[TimeControl "180+1"]
[EndTime "12:07:12 PDT"]
[Termination "Kildepiotr won by resignation"]

1. Nf3 Nf6 2. g3 d5 3. Bg2 g6 4. O-O Bg7 5. d4 O-O 6. c4 dxc4 7. Na3 c3 8. bxc3 c5 9. Qb3 Nc6 10. Rd1 Ne4 11. e3 Qa5 12. Bb2 Nd6 13. Nc4 Nxc4 14.
Qxc4 cxd4 15. cxd4 Be6 16. Qe2 Rfd8 17. Ng5 Bf5 18.
Ne4 Rac8 19. Nc5 Qb6 20. Rac1 e5 21. e4 Nxd4 22. Bxd4 exd4 23. exf5 Rxc5 24. Rxc5 Qxc5 25. fxg6 hxg6 26. Bxb7 Bf6 27. Qf3 Kg7 28. h4 Qc4 29. a3 Rd6 30. Be4 Rb6 31. Kg2 Rb3 32. Rd3 Rc3 33.
h5 gxh5 34. Qxh5 Qe6 35. Bf5 Qd5+ 36. Kh2 Rxd3 37. Qh7+ Kf8 38. Bxd3 Qf3 39. Kg1 Ke7 40. Be4 Qg4 41. Bc2 Be5 42. Qd3 Qe6 43. Bb3 Qf6 44. Kg2 Bc7 45. Bc4 Bb6 46. Qe4+ Kf8 47. Bd3 Qd6 48. a4 Bc5 49. Bc4 Qf6 50. Qf3 Qxf3+ 51. Kxf3 a5 52. Ke4 Ke7 53. f4 f6 54. Kd5 Bb6 55.
g4 Bc7 56. f5 Be5 57. Kc5 Kf8 58. Kb6 Kg7 59. Kxa5 Kh6 60. Kb6 Kg5 61. Be2 Kf4 62. a5 Ke3 63. Bb5 d3 64. a6 d2 65. Ba4 Bd4+ 66.
Kb7 Kf4 67. Bd1 1-0